 Dungeon Crawl Stone Soup version 0.28-a0-1234-g826d19b2e0 (webtiles) character file.

Game seed: 10650418704688827185

1330 melchezedek the Covered (level 8, -3/50 HPs)
             Began as a Gargoyle Fighter on Dec 23, 2021.
             Was a Follower of Dithmenos.
             Shot with an arrow by a centaur (7 damage)
             ... on level 6 of the Dungeon.
             The game lasted 00:48:06 (5985 turns).

melchezedek the Covered (Gargoyle Fighter)          Turns: 5985, Time: 00:48:12

Health: -3/50      AC: 14    Str: 21    XL:     8   Next: 60%
Magic:  8/8        EV: 10    Int: 10    God:    Dithmenos [*.....]
Gold:   280        SH:  4    Dex:  9    Spells: 7/7 levels left

rFire   . . .      SeeInvis .   g - +2 spear (vamp)
rCold   . . .      Faith    .   c - +0 buckler
rNeg    + . .      Spirit   .   b - +0 scale mail
rPois   ∞          Reflect  .   (no helmet)
rElec   +          Harm     .   n - +0 cloak
rCorr   .          Rampage  .   (no gloves)
Will    .....                   (no boots)
Stlth   ..........              (no amulet)
HPRegen 0.16/turn               (no ring)
MPRegen 0.11/turn               (no ring)

@: wreathed by umbra
A: sickness immunity, AC +5, negative energy resistance 1, electricity
resistance, torment resistance 1, petrification resistance
a: Renounce Religion


You were on level 6 of the Dungeon.
You worshipped Dithmenos.
Dithmenos was aware of your devotion.
You visited 1 branch of the dungeon, and saw 6 of its levels.

You collected 280 gold pieces.

Inventory:

Hand Weapons
 a - a +0 flail
 d - a +0 spear
 e - a +0 dagger
 f - a +0 mace
 g - a +2 vampiric spear (weapon)
 j - a +0 hunting sling
 p - a +0 short sword of holy wrath
 r - a +1 hand axe of venom
 t - a +0 hand crossbow
Missiles
 h - 20 poisoned darts (quivered)
 u - 24 bolts
Armour
 b - a +0 scale mail (worn)
 c - a +0 buckler (worn)
 n - a +0 cloak (worn)
Wands
 s - a wand of mindburst (14)
Scrolls
 i - 2 scrolls of amnesia
 l - a scroll of enchant armour {unknown}
 m - 2 scrolls of teleportation {unknown}
 y - a scroll of identify
Potions
 k - a potion of brilliance
 o - a potion of invisibility
 q - a potion of degeneration {unknown}
 v - a potion of cancellation {unknown}
 w - a potion of lignification {unknown}
 x - a potion of berserk rage {unknown}


   Skills:
 - Level 5.4 Fighting
 - Level 3.6(4.4) Axes
 - Level 3.9(4.7) Maces & Flails
 + Level 1.1(2.5) Polearms
 - Level 4.0 Throwing
 - Level 5.8 Armour
 - Level 0.9 Dodging
 - Level 0.4 Stealth
 - Level 4.8 Shields
 - Level 0.1 Evocations


You had 7 spell levels left.
You didn't know any spells.
Your spell library contained the following spells:

 Spells                   Type           Power      Damage    Failure   Level
 Pain                     Necr           0%         1d4       67%         1
 Ensorcelled Hibernation  Hex/Ice        0%         N/A       82%         2
 Scorch                   Fire           0%         2d5       82%         2
 Spider Form              Tmut/Pois      0%         N/A       96%         3
 Flame Wave               Conj/Fire      0%         2d4       100%        4
 Summon Cactus Giant      Summ           0%         N/A       100%        6
 Ignition                 Fire           0%         3d3       100%        8
 Sublimation of Blood     Necr           Unusable   N/A       N/A         2

Dungeon Overview and Level Annotations

Branches:
Dungeon (6/15)             Temple (0/1) D:4

Altars:
Cheibriados
Dithmenos
Uskayaw
Xom
Yredelemnul
The Shining One

Shops:
D:4 [


Innate Abilities, Weirdness & Mutations

You are immune to sickness and miasma.
Your stone body is resilient. (AC +5)
You are immune to poison.
You resist negative energy. (rN+)
You are resistant to electric shocks. (rElec)
You are resistant to unholy torment.
You are immune to petrification.


Message History

The iguana bites you.
* * * LOW HITPOINT WARNING * * *
The centaur shoots an arrow.
The arrow hits you but does no damage.
The centaur shoots an arrow.
The arrow hits you.
* * * LOW HITPOINT WARNING * * *
You block the iguana's attack.
You hit the iguana.
You feel better.
The iguana is heavily wounded.
The iguana barely misses you.
You completely miss the iguana.
The iguana is heavily wounded.
The iguana bites you.
* * * LOW HITPOINT WARNING * * *
You closely miss the iguana.
The iguana is heavily wounded.
You block the iguana's attack.
You hit the iguana.
You feel better.
The iguana is severely wounded.
The iguana closely misses you.
You barely miss the iguana.
The iguana is severely wounded.
The iguana barely misses you.
You puncture the iguana!
You kill the iguana!
Dithmenos accepts your kill.
The centaur shoots an arrow.
The arrow hits you.
* * * LOW HITPOINT WARNING * * *
Your base Polearms skill increases to level 1!
The centaur shoots an arrow.
You block the arrow.
The centaur shoots an arrow.
The arrow closely misses you.
The centaur shoots an arrow.
The arrow hits you.
* * * LOW HITPOINT WARNING * * *
The centaur shoots an arrow.
The arrow hits you but does no damage.
The centaur shoots an arrow.
The arrow barely misses you.
Aiming: Mindburst
Press: ? - help, Q - select action, (/) - cycle Shift-Dir - straight line, f/p - centaur
Aim: a centaur, wielding a +0 shortbow and quivering arrows (chance to affect: 65%)
The centaur's mind is blasted!!
The centaur shoots an arrow.
The arrow hits you!
You die...

.!
#..........#
#.# .
#..........#
#.#
#.(........#
#.#
.#.≈.≈...####
#.#
...≈≈≈......#
#.#
...≈.....##c#
#.#
.#...≈..###.#
#.#
..##.≈..###c#
#.#
........@...#
#.#
......######
#.# .......
#.# .......
#.# ... #.#
#. #.# # #.#
#.# #.#


You could see a centaur.

Vanquished Creatures
  Sigmund (D:4)
  An ice beast (D:5)
  An orc warrior (D:5)
  An ogre (D:4)
  2 kobold brigands (D:5)
  2 scorpions
  2 water moccasin skeletons
  2 hounds
  2 orc priests (D:5)
  2 iguanas
  Natasha (thrice) (D:4)
  3 orc wizards
  A hound skeleton (D:4)
  4 gnolls (D:4)
  A howler monkey skeleton (D:4)
  7 adders
  An adder skeleton (D:4)
  2 worms
  2 dart slugs
  19 orcs
  5 ball pythons
  5 bats
  4 endoplasms
  11 goblins
  6 hobgoblins
  8 jackals (D:3)
  16 kobolds
  4 quokkas
  3 frilled lizards
  3 rats
124 creatures vanquished.

Notes
Turn   | Place    | Note
-------+----------+-------------------------------------------
     0 | D:1      | melchezedek the Gargoyle Fighter began the quest for the
                  | Orb.
     0 | D:1      | Reached XP level 1. HP: 14/14 MP: 1/1
   483 | D:1      | Reached XP level 2. HP: 11/19 MP: 2/2
  1250 | D:2      | Reached XP level 3. HP: 14/23 MP: 3/3
  1266 | D:2      | Found a glowing golden altar of the Shining One.
  1915 | D:3      | Reached XP level 4. HP: 23/29 MP: 4/4
  2257 | D:3      | Reached skill level 1 in Throwing
  2257 | D:3      | Reached XP level 5. HP: 14/33 MP: 5/5
  2687 | D:3      | Reached XP level 6. HP: 36/38 MP: 6/6
  3244 | D:4      | Noticed Natasha
  3244 | D:4      | Found a staircase to the Ecumenical Temple.
  3266 | D:4      | Killed Natasha
  3391 | D:4      | Found Vurefo's Antique Armour Shop.
  3488 | D:4      | Reached skill level 1 in Axes
  3574 | D:4      | Found a shadowy altar of Dithmenos.
  3580 | D:4      | Became a worshipper of Dithmenos the Shadowed
  3598 | D:4      | Noticed Natasha
  3605 | D:4      | Reached XP level 7. HP: 44/44 MP: 7/7
  3610 | D:4      | Killed Natasha
  3646 | D:4      | Found a sand-covered staircase.
  3667 | D:4      | Noticed Sigmund
  3695 | D:4      | Killed Sigmund
  3696 | D:4      | Reached skill level 5 in Armour
  3752 | D:4      | Found a hide-covered altar of Uskayaw.
  4181 | D:4      | Noticed Natasha
  4190 | D:4      | Killed Natasha
  4266 | D:5      | Entered Level 5 of the Dungeon
  4279 | D:5      | Found a basalt altar of Yredelemnul.
  4279 | D:5      | Found a snail-covered altar of Cheibriados.
  4387 | D:5      | Reached XP level 8. HP: 10/48 MP: 8/8
  4729 | D:5      | Reached * piety under Dithmenos
  4765 | D:5      | Reached skill level 5 in Fighting
  5501 | D:5      | Got Mynuyh's Handbook of Scorching Unholy Arts
  5790 | D:5      | Found a shimmering altar of Xom.
  5980 | D:6      | Reached skill level 1 in Polearms
  5985 | D:6      | Shot with an arrow by a centaur

Illustrated notes

Levels and vault maps discovered:
D:1:      dpeg_arrival_concentric_ovals, layout_basic,
          dreamdust_ecumenical_altar_hidden_monk_grotto, hex_intersection
D:2:      layout_basic, basic_altar, nicolae_concentric_dashed_squares_wild,
          supply_closet_lemuel
D:3:      layout_basic, lemuel_another_geyser
D:4:      layout_cave_pools, mainiacjoe_overflow_24_doors, lemuel_round_altar,
          minmay_temple_entry_sparse_star, serial_shops, shop,
          nicolae_ossuary_entry_false_entrances, uniq_natasha, uniq_sigmund
D:5:      cheibrodos_thug_alley, layout_basic, kennysheep_mini,
          chequers_temple_overflow_statue_of_worship, eino_tiny_chamber
D:6:      layout_basic, chequers_serial_rivers_micro_c, chequers_jeans,
          uniq_pikel

Skill      XL: |  1  2  3  4  5  6  7  8 |
---------------+-------------------------+-----
Armour         | 4 5 |  5.8
Maces & Flails | 3 |  3.9
Fighting       | 4 5 |  5.4
Throwing       | 1 2 3 4 |  4.0
Axes           | 1 3 |  3.6
Shields        | 4 |  4.8
Polearms       | 1 |  1.1
Dodging        | |  0.9
Stealth        | |  0.4
Evocations     | |  0.1

Action                   |  1- 3 |  4- 6 |  7- 9 || total
-------------------------+-------+-------+-------++-------
Melee: Flail             |   106 |    87 |       ||   193
       Hand axe          |       |    53 |   158 ||   211
       Spear             |       |       |    35 ||    35
Throw: Dart              |    17 |    53 |    56 ||   126
Evoke: Wand              |       |       |     8 ||     8
  Use: Potion            |       |     2 |     2 ||     4
       Scroll            |       |     3 |       ||     3
Armor: Scale mail        |    87 |    75 |   106 ||   268
Dodge: Dodged            |    60 |    93 |    88 ||   241
Block: Buckler           |    24 |    30 |    41 ||    95

Table legend: (Time is in decaauts)
 A = Elapsed time spent in this place.
 B = Non-inter-level travel time spent in this place.
 C = Inter-level travel time spent in this place.
 D = Time resting spent in this place.
 E = Time spent auto-exploring this place.
 F = Levels seen in this place.
 G = Mean time per level.
                   A        B        C        D        E       F      G
               +--------+--------+--------+--------+--------+-----+--------+
         Total |   6061 |   6061 |      0 |   2078 |     71 |   6 | 1010.2 |
       Dungeon |   6061 |   6061 |      0 |   2078 |     71 |   6 | 1010.2 |
               +--------+--------+--------+--------+--------+-----+--------+

Top non-repeatable levels by time:
     D:5: 1548 daAuts
     D:3: 1402 daAuts
     D:1: 1246 daAuts
     D:4: 1038 daAuts
     D:2: 652 daAuts
     D:6: 173 daAuts
